Cogmind - Beta 17 *** ADVENTURER MODE // 2026.06.24 @ 20:29:44 Player: Jefffff Result: Destroyed by G-47 Trooper with Particle Gun Performance ------------- Evolutions (3) 1500 Regions Visited (11) 2200 Robots Destroyed (162) 810 Value Destroyed (5684) 5684 Prototype IDs (7) 140 Alien Tech Used (0) 0 Bonus (2895) 2895 TOTAL SCORE: 13229 Bonus ------- High Alert Combat Kills 376 Follower Combat Kills 860 Entered Garrisons 600 Used RIF Installer 1500 Friendly Fire -441 Cogmind --------- Core Integrity 0/700 Matter 290/300 Energy 50/100 System Corruption 5% Temperature Cool (9) Movement Core (100) Ox1 Location -7/Garrison Parts ------- > --- POWER (2) -------- (None) > --- PROPULSION (4) --- (None) > --- UTILITY (4) ------ Improved Heat Sink Enhanced Optical Array System Shield > --- WEAPON (3) ------- Particle Gun > --- INVENTORY (5) ---- Dynamic Insulation System High-powered Tractor Beam Field Recycling Unit (0) Plasma Cutter Peak State ------------ > --- POWER ------------ Improved Deuterium Engine Improved Deuterium Engine > --- PROPULSION ------- Carbon-fiber Leg Carbon-fiber Leg Biometal Leg Biometal Leg > --- UTILITY ---------- Improved Heat Sink High-capacity Storage Unit Enhanced Optical Array System Shield > --- WEAPON ----------- Beam Rifle Heavy Assault Rifle Heavy Assault Rifle > --- INVENTORY -------- Carbon-fiber Leg Carbon-fiber Leg Carbon-fiber Leg Carbon-fiber Leg Improved Carbon-fiber Leg Experimental Heat Sink Melee Analysis Suite Core Analyzer Armor Integrity Analyzer Core Shielding EM Disruption Field Dynamic Insulation System High-powered Tractor Beam Field Recycling Unit Particle Gun Pulse Rifle Advanced Remote Datajack Plasma Cutter Scythe Segregator [Rating: 55] Favorites ----------- Power Improved Deuterium Engine Engine Improved Deuterium Engine Power Core Light Nuclear Core Propulsion Aluminum Leg Leg Aluminum Leg Wheel Armored Wheel Utility High-capacity Storage Unit Device Improved Heat Sink Storage High-capacity Storage Unit Processor Visual Processing Unit Hackware System Shield Protection Weapon Shielding Weapon Spread Laser Energy Gun Spread Laser Ballistic Gun Gauss Rifle Special Weapon Plasma Cutter Slashing Weapon Scythe Build | -11 -10 -9 -9 -9 -8 -8 -8 -8 -8 -7 -7 ------- Run | Yrd Mat Mat Min Exi Min Mat Gar Mat Gar Fac Gar Slots Evolved 6 | . . 2 . . . 2 . . . 2 . Power 1 | . . . . . . . . . . 1 . Propulsion 2 | . . 1 . . . 1 . . . . . Utility 2 | . . . . . . 1 . . . 1 . Weapon 1 | . . 1 . . . . . . . . . Parts Attached 125 | 7 . 38 4 . 10 2 26 8 9 8 13 Power 23 | 2 . 7 1 . 3 1 4 1 2 1 1 Engine 17 | 2 . 7 . . . . 4 1 2 1 . Core 6 | . . . 1 . 3 1 . . . . 1 Reactor . | . . . . . . . . . . . . Propulsion 46 | 2 . 13 2 . 3 . 9 4 2 4 7 Treads . | . . . . . . . . . . . . Leg 45 | 2 . 13 2 . 3 . 8 4 2 4 7 Wheel 1 | . . . . . . . 1 . . . . Hover . | . . . . . . . . . . . . Flight . | . . . . . . . . . . . . Utility 14 | 1 . 3 . . 1 1 3 2 1 1 1 Device 7 | . . 1 . . 1 . 2 1 1 . 1 Storage 2 | 1 . 1 . . . . . . . . . Processor 3 | . . 1 . . . 1 . . . 1 . Hackware 1 | . . . . . . . . 1 . . . Protection 1 | . . . . . . . 1 . . . . Artifact . | . . . . . . . . . . . . Weapon 42 | 2 . 15 1 . 3 . 10 1 4 2 4 Energy Gun 28 | 1 . 10 1 . 3 . 6 1 1 2 3 Energy Cannon . | . . . . . . . . . . . . Ballistic Gun 11 | 1 . 5 . . . . 2 . 2 . 1 Ballistic Cannon . | . . . . . . . . . . . . Launcher . | . . . . . . . . . . . . Special Weapon 1 | . . . . . . . 1 . . . . Impact Weapon . | . . . . . . . . . . . . Slashing Weapon 2 | . . . . . . . 1 . 1 . . Piercing Weapon . | . . . . . . . . . . . . Special Melee Weapon . | . . . . . . . . . . . . Unidentified Prototypes . | . . . . . . . . . . . . Parts Lost 53 | . . 4 . . 1 1 18 . 5 4 20 Power 10 | . . 3 . . . 1 2 . 1 . 3 Propulsion 22 | . . 1 . . . . 8 . 1 2 10 Utility 5 | . . . . . 1 . 3 . . . 1 Weapon 16 | . . . . . . . 5 . 3 2 6 Highest Loss Streak 20 | . . 1 . . 1 1 18 . 3 2 20 To Critical Strikes 1 | . . . . . . . 1 . . . . Average Backups 17 | 1 3 15 20 20 19 18 19 19 19 19 17 Power 2 | . 1 2 4 4 4 3 2 2 . . . Propulsion 4 | . . 3 4 4 4 4 5 5 4 4 2 Utility 4 | . 2 3 4 4 3 2 4 6 8 9 9 Weapon 5 | . . 5 7 7 7 7 6 5 3 4 4 Tool/Special . | . . . . . . . . . . . . Unused Backups 40 | . . 7 . . . . 7 9 5 1 11 Power 6 | . . 2 . . . . 2 2 . . . Propulsion 9 | . . . . . . . 2 2 4 1 . Utility 13 | . . . . . . . 1 3 . . 9 Weapon 11 | . . 5 . . . . 2 2 1 . 1 Tool/Special 1 | . . . . . . . . . . . 1 Average Slot Usage (%) 97 | . 85 97 100 100 100 98 95 99 99 99 79 Engine 8 | . 14 10 7 . . . 8 9 8 15 9 Core 2 | . . . 3 11 11 8 . . . . . Leg 32 | . 28 32 33 33 33 36 32 36 35 30 23 Device 8 | . . 4 11 11 11 9 15 9 9 7 5 Storage 10 | . 14 11 11 11 11 9 9 9 9 7 6 Processor 2 | . . 6 . . . 8 . . . 6 7 Hackware 2 | . . . . . . . . 8 9 7 7 Energy Gun 21 | . 14 23 33 33 33 27 18 18 14 11 10 Ballistic Gun 7 | . 14 9 . . . . 7 8 12 10 4 Peak Build Rating 55 | 6 6 17 18 18 22 26 29 36 48 55 48 Average Rating 25 | 4 6 14 17 18 21 25 26 33 44 49 37 On Entrance 22 | . 6 6 17 18 18 22 26 29 36 44 45 Avg Prop Armor Cover (%) 14 | . . . . . . . 14 . . . . Naked Turns . | . . . . . . . . . . . . Heaviest Build 71 | 13 13 58 58 56 57 57 62 62 61 70 71 Greatest Support 86 | 20 20 33 30 30 37 47 51 58 86 86 60 Greatest Overweight (x) 15 | . . 2 1 1 1 1 5 1 1 1 15 Average Overweight (x) . | . . . 1 1 1 1 1 1 . . 1 Largest Inventory Capacity 20 | 8 8 20 20 20 20 20 20 20 20 20 20 Average Capacity 18 | 7 8 17 20 20 20 20 20 20 20 20 19 Most Carried 20 | 5 5 20 20 20 20 20 20 20 20 20 20 Average Carried 17 | 1 3 15 20 20 19 18 19 19 19 19 17 Final Capacity 20 | 8 8 20 20 20 20 20 20 20 20 20 5 Final Carried 20 | 2 5 20 20 20 20 20 20 20 20 20 4 Class Distribution -------------------- 38% | Scavenger-Gunner 18% | Gunner 16% | Scavenger-Skirmisher 12% | Hacker-Gunner 4% | Mutant Dominant Class ---------------- Mutant | -10/Materials Gunner | -9/Materials Gunner | -9/Mines Scavenger-Gunner | -9/Exiles Scavenger-Gunner | -8/Mines Scavenger-Gunner | -8/Materials Scavenger-Gunner | -8/Garrison Scavenger-Gunner | -8/Materials Hacker-Gunner | -8/Garrison Scavenger-Skirmisher | -7/Factory Scavenger-Skirmisher | -7/Garrison Resources | -11 -10 -9 -9 -9 -8 -8 -8 -8 -8 -7 -7 ----------- Run | Yrd Mat Mat Min Exi Min Mat Gar Mat Gar Fac Gar Matter Collected 2963 | 161 130 755 40 . 100 25 384 380 645 117 226 Remotely . | . . . . . . . . . . . . Salvage Created 6049 | 53 85 1972 395 . 283 180 649 424 1118 459 431 Parts 305 | 5 6 103 18 . 14 13 31 28 49 22 16 Haulers Intercepted 7 | . . 5 . . . . . 2 . . . Recyclers Shooed 3 | . . 2 . . . . . . . 1 . Parts Field Recycled . | . . . . . . . . . . . . Retrieved Matter . | . . . . . . . . . . . . Parts Self-Destructed . | . . . . . . . . . . . . Prevented . | . . . . . . . . . . . . Parts Restored . | . . . . . . . . . . . . Kills | -11 -10 -9 -9 -9 -8 -8 -8 -8 -8 -7 -7 ------- Run | Yrd Mat Mat Min Exi Min Mat Gar Mat Gar Fac Gar Combat Hostiles Destroyed 127 | . 3 33 10 . 10 4 16 6 26 9 10 Melee 4 | . . . . . . . . . . . 4 Guns 120 | . 3 33 10 . 9 4 15 6 25 9 6 Classes Destroyed 16 | 1 2 5 . . 2 2 . 1 3 . . Worker 4 | . . 2 . . . . . 1 . 1 . Builder 2 | . . . . . . . . 2 . . . Tunneler 1 | . . . . . 1 . . . . . . Hauler 7 | . . 5 . . . . . 2 . . . Recycler 10 | 1 . 6 3 . . . . . . . . Operator 2 | . . . . . . 2 . . . . . Watcher 8 | . 2 5 . . . . . 1 . . . Swarmer 29 | . 3 7 3 . 5 . 3 2 3 . 3 Saboteur 1 | . . . . . . . . . 1 . . Grunt 55 | . . 15 7 . 3 . 6 1 11 7 5 Brawler 2 | . . . . . 1 . . . 1 . . Duelist 6 | . . 2 . . 1 . 3 . . . . Sentry 22 | . . 9 . . . 2 2 3 6 . . Specialist 1 | . . . . . . . . . 1 . . Hunter 7 | . . . . . . 2 2 . . 1 2 Programmer 5 | . . . . . . . . . 4 1 . Best Kill Streak 5 | 1 3 5 4 . 3 3 4 3 4 4 4 Combat Bots Only 4 | . 3 4 3 . 2 2 4 1 4 4 4 Max Kills in Single Turn 3 | 1 2 2 2 . 2 1 3 1 2 2 1 Gunslinging 2 | . 1 1 1 . 1 . 2 . 1 1 . Exploded . | . . . . . . . . . . . . Melee 1 | . . . . . . . . . . . 1 Uniques/NPCs Destroyed . | . . . . . . . . . . . . Combat | -11 -10 -9 -9 -9 -8 -8 -8 -8 -8 -7 -7 -------- Run | Yrd Mat Mat Min Exi Min Mat Gar Mat Gar Fac Gar Hostile Shots Fired 917 | . 2 175 18 . 35 28 173 37 127 76 246 Missed 237 | . 1 55 4 . 7 6 30 7 37 26 64 Hits 680 | . 1 120 14 . 28 22 143 30 90 50 182 Melee 42 | . . 12 . . . . 29 . 1 . . Projectile 638 | . 1 108 14 . 28 22 114 30 89 50 182 AOE 4 | . . . . . . . . . 4 . . Critical Strikes 34 | . . 6 1 . . . 9 2 6 2 8 Part Disruptions 1 | . . . . . . . . . . . 1 Damage Taken 8294 | . 8 1360 125 . 300 232 1883 280 1256 677 2173 Core 1467 | . 8 239 5 . 43 64 250 12 135 69 642 Absorbed by Shields 94 | . . . . . . . 48 . 33 . 13 Redirected to Shielding 51 | . . . . . . . 51 . . . . Ignored by Resistances 2398 | . 2 397 37 . 87 67 532 79 366 195 636 Regen/Repaired (Parts) 165 | . . 113 . . . . . 52 . . . Core Remaining (%) 60 | 100 96 . . . 28 . . . 16 . . Volleys Fired 403 | 2 8 123 15 . 26 15 55 20 84 39 16 Largest 3 | 2 2 3 3 . 3 3 3 3 3 3 3 Hottest 199 | 60 60 195 186 . 199 199 199 156 156 151 173 Shots Fired 1101 | 4 16 336 45 . 71 45 122 64 245 113 40 Gun 1101 | 4 16 336 45 . 71 45 122 64 245 113 40 Cannon . | . . . . . . . . . . . . Launcher . | . . . . . . . . . . . . Special . | . . . . . . . . . . . . Kinetic 394 | 2 8 156 . . . . 28 24 109 51 16 Thermal 707 | 2 8 180 45 . 71 45 94 40 136 62 24 Explosive . | . . . . . . . . . . . . Electromagnetic . | . . . . . . . . . . . . Robot Hit Streak 40 | 3 7 33 40 . 25 28 26 7 19 13 11 Robot Miss Streak 5 | . 3 4 1 . 4 3 1 2 3 5 1 Penetration Max 1 | . . . . . . . 1 1 1 . . Secondary Targets 29 | . 1 5 1 . 3 1 3 2 8 3 2 Max Gunslinging Chain 2 | . 1 1 1 . 1 1 2 1 1 1 1 Shots Hit Robots 785 | 3 9 255 33 . 60 35 69 40 158 82 41 Core Hits 442 | 2 5 138 44 . 47 32 47 21 59 25 22 Critical Kills 3 | . . . . . . . 1 1 1 . . Critical Parts Destroyed 2 | . . 1 . . . . . . 1 . . Critical Strikes 22 | . . 3 . . 4 1 1 2 5 4 2 Burn 16 | . . 2 . . 4 1 . 1 3 4 1 Destroy 5 | . . 1 . . . . 1 1 2 . . Sever 1 | . . . . . . . . . . . 1 Melee Attacks 13 | . . . . . . . 2 . 4 . 7 Impact . | . . . . . . . . . . . . Slashing 13 | . . . . . . . 2 . 4 . 7 Piercing . | . . . . . . . . . . . . Sneak Attacks . | . . . . . . . . . . . . Combat Hostiles . | . . . . . . . . . . . . Follow-up Attacks . | . . . . . . . . . . . . Damage Inflicted 12512 | 33 109 3154 627 . 1025 593 1244 705 2870 1326 826 Guns 12276 | 33 109 3154 627 . 1025 593 1197 705 2870 1326 637 Cannons . | . . . . . . . . . . . . Explosions . | . . . . . . . . . . . . Melee 236 | . . . . . . . 47 . . . 189 Ramming . | . . . . . . . . . . . . Kinetic 3720 | 11 87 1043 . . . . 153 300 1392 514 220 Thermal 8556 | 22 22 2111 627 . 1025 593 1044 405 1478 812 417 Explosive . | . . . . . . . . . . . . Electromagnetic . | . . . . . . . . . . . . Impact . | . . . . . . . . . . . . Slashing 236 | . . . . . . . 47 . . . 189 Piercing . | . . . . . . . . . . . . Highest Corruption 14 | . . . . . . . 14 14 14 1 5 Average Corruption 12 | . . . . . . . 13 14 14 1 2 Corruption Purged . | . . . . . . . . . . . . Corruption Blocked . | . . . . . . . . . . . . Effects 205 | . . . . . . . 70 65 63 2 5 Message Errors 47 | . . . . . . . 17 19 9 . 2 Matter Fused 50 | . . . . . . . 15 14 20 1 . Heat Flow Errors 24 | . . . . . . . 11 4 9 . . Energy Discharges 26 | . . . . . . . 7 8 10 . 1 Parts Rejected 2 | . . . . . . . . . 1 . 1 Parts Fused 2 | . . . . . . . 1 . 1 . . Data Loss (minor) 21 | . . . . . . . 10 9 . 1 1 Data Loss (major) 9 | . . . . . . . 7 1 1 . . Misfires 13 | . . . . . . . 1 7 5 . . Alerts 1 | . . . . . . . . 1 . . . Weapon Failures 10 | . . . . . . . 1 2 7 . . Overload Shots . | . . . . . . . . . . . . Overflow Damage . | . . . . . . . . . . . . Projectiles . | . . . . . . . . . . . . Explosions . | . . . . . . . . . . . . Melee . | . . . . . . . . . . . . Knockbacks . | . . . . . . . . . . . . Impact . | . . . . . . . . . . . . Kinetic . | . . . . . . . . . . . . Secondary . | . . . . . . . . . . . . Self-Inflicted Damage 85 | . . . . . . . . . 85 . . Shots 1 | . . . . . . . . . 1 . . Rammed . | . . . . . . . . . . . . Targets Rammed . | . . . . . . . . . . . . Kicked . | . . . . . . . . . . . . Crushed . | . . . . . . . . . . . . Highest Temperature 507 | . . 408 249 . 507 194 470 201 392 466 261 Average Temperature 108 | . . 95 89 . 155 88 152 59 93 172 92 Received Heat Transfer 3369 | . . 555 90 . 171 27 387 126 564 378 1071 Effects 20 | . . 9 . . 2 . 2 . 3 4 . Shutdowns 8 | . . 1 . . 1 . 1 . 1 4 . Energy Bleed 2 | . . 1 . . . . . . 1 . . Interference 3 | . . 3 . . . . . . . . . Short Circuit 1 | . . . . . . . 1 . . . . Damage (minor) 2 | . . . . . 1 . . . 1 . . Damage (major) 4 | . . 4 . . . . . . . . . Siege Activations . | . . . . . . . . . . . . Martial Activations . | . . . . . . . . . . . . Shielding Activations . | . . . . . . . . . . . . Robots Disrupted . | . . . . . . . . . . . . Combat Hostiles . | . . . . . . . . . . . . Robots Corrupted . | . . . . . . . . . . . . Combat Hostiles . | . . . . . . . . . . . . Parts Fried . | . . . . . . . . . . . . Impact Corruptions . | . . . . . . . . . . . . Robots Melted 3 | . . . . . 1 . 1 . 1 . . Combat Hostiles 3 | . . . . . 1 . 1 . 1 . . Parts Melted 28 | . . 4 . . 3 2 4 1 10 4 . Heat Transferred 18164 | 50 50 4175 957 . 2214 1092 2118 952 3345 2183 1028 Parts Sabotaged . | . . . . . . . . . . . . Parts Stolen . | . . . . . . . . . . . . Parts Stripped . | . . . . . . . . . . . . Power Chain Reactions . | . . . . . . . . . . . . Alert | -11 -10 -9 -9 -9 -8 -8 -8 -8 -8 -7 -7 ------- Run | Yrd Mat Mat Min Exi Min Mat Gar Mat Gar Fac Gar Maximum Alert Level 4 | . . . . . . . 3 2 4 2 . Low Security (%) 59 | 100 100 100 100 . 100 100 30 . 3 2 100 Level 1 24 | . . . . . . . 27 92 18 95 . Level 2 7 | . . . . . . . 17 7 39 1 . Level 3 6 | . . . . . . . 24 . 29 . . Level 4 . | . . . . . . . . . 8 . . Level 5 . | . . . . . . . . . . . . High Security . | . . . . . . . . . . . . Max Security . | . . . . . . . . . . . . Peak Influence 1126 | 5 60 115 82 . 146 75 999 419 1126 512 191 Initial 512 | . . . . . . . 25 419 157 512 111 Average 215 | . 12 25 21 . 56 37 425 332 670 274 144 Influence Increases 5596 | 5 111 1072 282 . 466 130 1154 769 1059 318 230 Destroy 0b10 Robot/C 3220 | . 60 660 220 . 360 80 340 480 600 220 200 Destroy 0b10 Robot/NC 205 | 5 10 90 15 . 5 10 . 45 . 25 . Destroy Leader 618 | . 14 180 40 . 60 40 10 152 40 52 30 Allied During Kill 76 | . . . 7 . 17 . 1 38 7 6 . Successful Hack 115 | . 27 37 . . . . 12 3 36 . . Disable Machine 18 | . . . . . 9 . . 9 . . . Anti-Garrison Action 1000 | . . . . . . . 750 . 250 . . Destroy Structure 149 | . . . . . . . 26 12 111 . . Partial Spotted 30 | . . . . . . . . 15 15 . . Lose Combat Pursuer 165 | . . 105 . . 15 . 15 15 . 15 . Influence Decreases 5455 | 5 111 1072 282 . 466 85 200 1490 211 1264 269 Entered New Map 1404 | . . . . . . . 20 580 121 614 69 Time Decay 3081 | 5 111 1032 282 . 396 75 . 760 . 420 . Lost Part 530 | . . 40 . . 10 10 180 . 50 40 200 Lost Ally 140 | . . . . . 60 . . . 40 40 . Purge Threat 300 | . . . . . . . . 150 . 150 . Squads Dispatched 12 | . . 1 . . . 2 . 1 . 8 . Investigation . | . . . . . . . . . . . . Extermination 1 | . . . . . . . . . . 1 . Reinforcement 7 | . . 1 . . . 1 . 1 . 4 . Assault . | . . . . . . . . . . . . Garrison 4 | . . . . . . 1 . . . 3 . Intercept . | . . . . . . . . . . . . Searches Triggered . | . . . . . . . . . . . . Construction Impeded 1 | . . . . . . . . . . 1 . Haulers Reinforced 2 | . . . . . . . . . . 2 . Active Scanning Responses . | . . . . . . . . . . . . Cargo Convoy Interrupts . | . . . . . . . . . . . . Stealth | -11 -10 -9 -9 -9 -8 -8 -8 -8 -8 -7 -7 --------- Run | Yrd Mat Mat Min Exi Min Mat Gar Mat Gar Fac Gar Distress Signals 8 | . . 3 . . . 1 . 2 1 1 . Communications Jammed . | . . . . . . . . . . . . Distress Signals . | . . . . . . . . . . . . Times Spotted 208 | . 8 52 11 . 18 6 21 23 33 21 15 Peak Tracking Total 10 | . 4 5 3 . 3 2 6 3 4 5 10 Tactical Retreats 9 | . . 5 . . 1 . 1 1 . 1 . Traps | -11 -10 -9 -9 -9 -8 -8 -8 -8 -8 -7 -7 ------- Run | Yrd Mat Mat Min Exi Min Mat Gar Mat Gar Fac Gar Traps Triggered 19 | . . 4 . . . . 10 . 2 1 2 Indirectly . | . . . . . . . . . . . . Trap Hack Attempts . | . . . . . . . . . . . . Triggered . | . . . . . . . . . . . . Disarmed . | . . . . . . . . . . . . Reprogrammed . | . . . . . . . . . . . . Reused . | . . . . . . . . . . . . Traps Extracted . | . . . . . . . . . . . . Installed . | . . . . . . . . . . . . Triggered . | . . . . . . . . . . . . Machines | -11 -10 -9 -9 -9 -8 -8 -8 -8 -8 -7 -7 ---------- Run | Yrd Mat Mat Min Exi Min Mat Gar Mat Gar Fac Gar Machines Disabled 6 | . . . . . 1 . . 1 4 . . Max in Single Turn 2 | . . . . . 1 . . . 2 . . Garrison Relay 2 | . . . . . . . . . 2 . . Phase Generator 1 | . . . . . . . . . 1 . . Machines Repaired . | . . . . . . . . . . . . Machines Dismantled . | . . . . . . . . . . . . Machines Sabotaged . | . . . . . . . . . . . . Overloaded Fab Kills . | . . . . . . . . . . . . Hacking | -11 -10 -9 -9 -9 -8 -8 -8 -8 -8 -7 -7 --------- Run | Yrd Mat Mat Min Exi Min Mat Gar Mat Gar Fac Gar Machines Accessed 42 | . 6 10 . 4 . 1 4 9 4 4 . Terminals 27 | . 6 7 . . . . 4 5 4 1 . Fabricators 2 | . . . . . . . . . . 2 . Repair Stations 2 | . . 1 . . . . . 1 . . . Recycling Units . | . . . . . . . . . . . . Scanalyzers 4 | . . 2 . . . . . 2 . . . Garrison Access 3 | . . . . . . 1 . 1 . 1 . Total Hacks 105 | . 16 39 . 4 . 1 7 22 7 9 . Successful 65 | . 9 28 . 4 . 1 2 13 4 4 . Failed 39 | . 7 11 . . . . 5 8 3 5 . Catastrophic 6 | . 2 2 . . . . 1 . 1 . . Database Lockouts 1 | . . . . . . . . 1 . . . Manual 38 | . 13 19 . . . . . 6 . . . Terminals 68 | . 16 21 . . . . 7 14 7 3 . Fabricators 5 | . . . . . . . . . . 5 . Repair Stations 9 | . . 7 . . . . . 2 . . . Recycling Units . | . . . . . . . . . . . . Scanalyzers 16 | . . 11 . . . . . 5 . . . Garrison Access 3 | . . . . . . 1 . 1 . 1 . Terminal Hacks 23 | . 2 6 . 4 . . 2 4 4 1 . Record 4 | . . . . 4 . . . . . . . Robot Analysis 1 | . 1 . . . . . . . . . . Prototype ID Bank 4 | . . 1 . . . . . 3 . . . Emergency Access Points 2 | . . . . . . . 1 . 1 . . Terminal Index 2 | . . 2 . . . . . . . . . Repair Station Index 1 | . . 1 . . . . . . . . . Scanalyzer Index 2 | . 1 1 . . . . . . . . . Unreport Threat 3 | . . 1 . . . . . 1 . 1 . Garrison Registry 2 | . . . . . . . 1 . 1 . . Patrol Navigation 1 | . . . . . . . . . 1 . . Security Stations 1 | . . . . . . . . . 1 . . Fabricator Hacks 2 | . . . . . . . . . . 2 . Network Status 2 | . . . . . . . . . . 2 . Repair Station Hacks 7 | . . 5 . . . . . 2 . . . Scan Component 4 | . . 3 . . . . . 1 . . . Repair 3 | . . 2 . . . . . 1 . . . Recycling Unit Hacks . | . . . . . . . . . . . . Scanalyzer 13 | . . 10 . . . . . 3 . . . Insert Component 1 | . . 1 . . . . . . . . . Analyze 1 | . . 1 . . . . . . . . . Retrieve Study 11 | . . 8 . . . . . 3 . . . Garrison Access Hacks 3 | . . . . . . 1 . 1 . 1 . Unlock Access 3 | . . . . . . 1 . 1 . 1 . Unauthorized Hacks 17 | . 7 7 . . . . . 3 . . . Terminals 17 | . 7 7 . . . . . 3 . . . Track 1 | . 1 . . . . . . . . . . Botnet 14 | . 4 7 . . . . . 3 . . . Operators 2 | . 2 . . . . . . . . . . Fabricators . | . . . . . . . . . . . . Repair Stations . | . . . . . . . . . . . . Recycling Units . | . . . . . . . . . . . . Scanalyzers . | . . . . . . . . . . . . Garrison Access . | . . . . . . . . . . . . Data Cores Recovered 2 | . . . . . . 1 . . . 1 . Used . | . . . . . . . . . . . . Hacking Detections 26 | . 5 8 . . . 1 4 3 2 3 . Full Trace Events 1 | . . . . . . . 1 . . . . Feedback Events . | . . . . . . . . . . . . Feedback Blocked . | . . . . . . . . . . . . Robot Schematics Acquired . | . . . . . . . . . . . . Robots Built . | . . . . . . . . . . . . Authchips . | . . . . . . . . . . . . Time . | . . . . . . . . . . . . Total Robot Build Rating . | . . . . . . . . . . . . Part Schematics Acquired 1 | . . 1 . . . . . . . . . Parts Built . | . . . . . . . . . . . . Authchips . | . . . . . . . . . . . . Time . | . . . . . . . . . . . . Total Part Build Rating . | . . . . . . . . . . . . Part Studies Acquired 11 | . . 8 . . . . . 3 . . . Parts Repaired 3 | . . 2 . . . . . 1 . . . Time 102 | . . 58 . . . . . 44 . . . Parts Recycled . | . . . . . . . . . . . . Recycled Matter . | . . . . . . . . . . . . Retrieved Matter . | . . . . . . . . . . . . Retrieved Components . | . . . . . . . . . . . . Parts Scanalyzed 1 | . . 1 . . . . . . . . . Part Schematics Acquired 1 | . . 1 . . . . . . . . . Parts Damaged . | . . . . . . . . . . . . Bothacking | -11 -10 -9 -9 -9 -8 -8 -8 -8 -8 -7 -7 ------------ Run | Yrd Mat Mat Min Exi Min Mat Gar Mat Gar Fac Gar Used RIF Installer 3 | . . . . . . . 1 . 2 . . Coupler Efficiency 1 | . . . . . . . . . 1 . . Zone Cloak 1 | . . . . . . . . . 1 . . Robots Hacked . | . . . . . . . . . . . . Non-combat . | . . . . . . . . . . . . Combat . | . . . . . . . . . . . . Robot Hacks Applied . | . . . . . . . . . . . . Relay Couplers Released 9 | . . . . . . . . . 9 . . Machine Destruction 9 | . . . . . . . . . 9 . . Fabnet Peak Effective % . | . . . . . . . . . . . . Robots Rewired 6 | . . . . . . . . . 6 . . Allies Hacked 1 | . . . . . . . . . . 1 . Hacks Repelled . | . . . . . . . . . . . . Allies | -11 -10 -9 -9 -9 -8 -8 -8 -8 -8 -7 -7 -------- Run | Yrd Mat Mat Min Exi Min Mat Gar Mat Gar Fac Gar Total Allies 10 | . . . 3 . . . 1 . 6 . . Largest Group 3 | . . . 3 3 3 . 1 1 3 3 . Highest-Rated Group 149 | . . . 40 40 40 . 149 149 149 72 . Highest-Rated Ally 149 | . . . 16 16 16 . 149 149 149 24 . Total Orders . | . . . . . . . . . . . . Ally Attacks 105 | . . . 5 . 28 . 1 28 19 24 . Total Damage 2875 | . . . 76 . 260 . 41 1334 758 406 . Kills 42 | . . . 1 . 8 . 1 21 5 6 . Allies Corrupted . | . . . . . . . . . . . . Allies Melted . | . . . . . . . . . . . . Intel | -11 -10 -9 -9 -9 -8 -8 -8 -8 -8 -7 -7 ------- Run | Yrd Mat Mat Min Exi Min Mat Gar Mat Gar Fac Gar Active Infowar (turns) 3047 | . . 1984 . . . . . . . 840 223 Optics 3047 | . . 1984 . . . . . . . 840 223 Robot Analysis Total 1 | . 1 . . . . . . . . . . Derelict Logs Recovered 2 | . . . 2 . . . . . . . . Drone Launches . | . . . . . . . . . . . . Drone Recoveries . | . . . . . . . . . . . . Exploration | -11 -10 -9 -9 -9 -8 -8 -8 -8 -8 -7 -7 ------------- Run | Yrd Mat Mat Min Exi Min Mat Gar Mat Gar Fac Gar Turns Passed 12822 | 58 429 3483 1078 784 1151 173 1755 1532 1315 841 223 Spaces Moved 6682 | 40 325 1805 556 442 550 65 794 741 822 476 66 Core 23 | 18 . . . . . . . . . . 5 Treads . | . . . . . . . . . . . . Legs 6552 | 22 325 1805 556 442 550 65 687 741 822 476 61 Wheels 107 | . . . . . . . 107 . . . . Hover . | . . . . . . . . . . . . Flight . | . . . . . . . . . . . . Fastest Speed 50 | 50 120 105 175 175 175 181 140 178 106 107 50 Average Speed 158 | 88 120 155 175 175 182 181 179 189 114 125 179 Slowest Speed 800 | 120 120 245 175 175 183 181 252 190 178 178 800 Overloaded Moves . | . . . . . . . . . . . . Propulsion Burnouts . | . . . . . . . . . . . . Robots Hopped . | . . . . . . . . . . . . Potential Cave-ins . | . . . . . . . . . . . . Cave-ins Triggered . | . . . . . . . . . . . . Exploration Rate (%) 59 | 3 50 94 99 89 96 10 77 63 93 19 24 Regions Visited 11 Branch Regions 3 Pre-discovered Areas . | . . . . . . . . . . . . Known Exits Taken 3 | . . . . . . 1 . 1 . 1 . Unknown Exits Taken 6 | 1 1 1 1 1 1 . . . . . . Scrap Searched 3 | . . . 1 . 2 . . . . . . Spaces Dug . | . . . . . . . . . . . . Terrain Destroyed 89 | . . . . . . . 1 1 87 . . Melee . | . . . . . . . . . . . . Projectile 2 | . . . . . . . 1 1 . . . AOE 87 | . . . . . . . . . 87 . . Terrain Rammed . | . . . . . . . . . . . . Walls Destroyed . | . . . . . . . . . . . . Machines Disabled . | . . . . . . . . . . . . Actions | -11 -10 -9 -9 -9 -8 -8 -8 -8 -8 -7 -7 --------- Run | Yrd Mat Mat Min Exi Min Mat Gar Mat Gar Fac Gar Total 8120 | 58 348 2258 630 453 646 86 1026 843 1006 637 129 Wait 554 | 2 13 196 52 12 51 . 55 45 18 100 10 Move 6673 | 39 324 1804 555 441 549 65 793 740 821 476 66 Hop . | . . . . . . . . . . . . Pick Up 114 | 7 3 42 . . 1 3 26 10 12 9 1 Fast Attach 22 | 1 . 12 . . . . 4 1 . . 4 Attach 59 | 5 . 10 . . 1 3 18 . 6 6 10 Detach 1 | . . . . . . . . . . . 1 Swap 77 | 1 . 33 4 . 9 . 9 9 8 2 2 Drop 98 | 1 . 38 4 . 9 . 11 18 9 5 3 Fire 403 | 2 8 123 15 . 26 15 55 20 84 39 16 Melee 13 | . . . . . . . 2 . 4 . 7 Ram . | . . . . . . . . . . . . Kick . | . . . . . . . . . . . . Crush . | . . . . . . . . . . . . Escape Stasis 62 | . . . . . . . 51 . 2 . 9 Rewire 42 | . . . . . . . . . 42 . . Trap . | . . . . . . . . . . . . Miscellaneous 2 | . . . . . . . 2 . . . . Route ------- -11/Scrapyard -10/Materials -9/Materials (discovered 5 exits: *Mat x3 / [*Min x2]) -9/Mines (discovered 3 exits: *Mat x2 / *Exi) -9/Exiles -8/Mines (discovered 2 exits: *Mat x2) -8/Materials (discovered 2 exits: Fac / Gar) -8/Garrison (discovered 3 exits: *Mat x3) -8/Materials (discovered 2 exits: *Fac / Gar) -8/Garrison (discovered 3 exits: *Fac x3) -7/Factory -7/Garrison History --------- Turn | Location | Event 5 | -11/Scrapyard | Discovered new exit (range 15) 59 | -11/Scrapyard | Entered Materials 307 | -10/Materials | Build established: Mutant 476 | -10/Materials | Discovered new exit (range 7) 488 | -10/Materials | Entered another Materials area 488 | -9/Materials | Evolved 2 slots: Propulsion x1, Weapon x1 1204 | -9/Materials | Build established: Skirmisher 1227 | -9/Materials | Discovered new exit (range 18) 1574 | -9/Materials | Build established: Scavenger-Skirmisher 1637 | -9/Materials | Repaired Particle Gun 1664 | -9/Materials | Repaired Aluminum Leg+ 1853 | -9/Materials | Discovered new exit (range 7) 2386 | -9/Materials | Discovered new exit (range 11) 2468 | -9/Materials | Discovered new exit (range 11) 2472 | -9/Materials | Core integrity fell below 50% 2689 | -9/Materials | Discovered new exit (range 12) 2815 | -9/Materials | Build established: Gunner 3971 | -9/Materials | Entered Mines 4012 | -9/Mines | Received a Rocket Launcher from a helpful Derelict 4114 | -9/Mines | Learned Materials garrison access intel 4268 | -9/Mines | Assisted by bots powering up and referring to "LRC-V3" 4331 | -9/Mines | Deemed a non-threat by the Exiles lab entrance 4331 | -9/Mines | Discovered new exit (range 5) 4377 | -9/Mines | Discovered new exit (range 15) 4881 | -9/Mines | Discovered new exit (range 10) 4990 | -9/Mines | Build established: Scavenger-Gunner 5049 | -9/Mines | Entered Exiles 5049 | -9/Exiles | Found Exiles lab abandoned 5049 | -9/Exiles | Accompanied by 3 allies 5805 | -9/Exiles | Discovered new exit (range 10) 5833 | -9/Exiles | Entered Mines 5833 | -8/Mines | Accompanied by 3 allies 5894 | -8/Mines | Discovered new exit (range 3) 6660 | -8/Mines | Discovered new exit (range 5) 6984 | -8/Mines | Entered Materials 6984 | -8/Materials | Evolved 2 slots: Propulsion x1, Utility x1 6985 | -8/Materials | Identified exit to Factory 6986 | -8/Materials | Loaded intel: 1 garrison access location 7012 | -8/Materials | Garrison activated, responded to threat 7157 | -8/Materials | Identified exit to Garrison 7157 | -8/Materials | Entered Garrison 7238 | -8/Garrison | Warlord forces raided the area 7292 | -8/Garrison | System corruption reached 10% 7374 | -8/Garrison | Core integrity fell below 50% 7413 | -8/Garrison | Triggered checkpoint 7414 | -8/Garrison | Lost 18 parts (2p8n3u5w) 7429 | -8/Garrison | Triggered checkpoint 7471 | -8/Garrison | Triggered checkpoint 7527 | -8/Garrison | Triggered checkpoint 7733 | -8/Garrison | Discovered new exit (range 10) 7797 | -8/Garrison | Triggered checkpoint 7979 | -8/Garrison | Triggered checkpoint 8039 | -8/Garrison | Discovered new exit (range 12) 8095 | -8/Garrison | Discovered new exit (range 61) 8095 | -8/Garrison | Discovered new exit (range 13) 8095 | -8/Garrison | Discovered new exit (range 53) 8517 | -8/Garrison | Rescued HV-R5K 8754 | -8/Garrison | Installed Relay Interface Framework 8912 | -8/Garrison | Entered Materials 8912 | -8/Materials | Accompanied by 1 ally (HV-R5K) 9222 | -8/Materials | Repaired Gauss Rifle 9911 | -8/Materials | Discovered exit to Factory (range 10) 10318 | -8/Materials | Build established: Hacker-Gunner 10377 | -8/Materials | Central database locked down 10439 | -8/Materials | Identified exit to Garrison 10444 | -8/Materials | Entered Garrison 10444 | -8/Garrison | Accompanied by 1 ally (HV-R5K) 10482 | -8/Garrison | Triggered checkpoint 10602 | -8/Garrison | Triggered checkpoint 10605 | -8/Garrison | Triggered checkpoint 10680 | -8/Garrison | Triggered checkpoint 10688 | -8/Garrison | Triggered checkpoint 10725 | -8/Garrison | Garrison Relay disabled 10895 | -8/Garrison | Discovered exit to Factory (range 15) 11005 | -8/Garrison | Discovered exit to Factory (range 14) 11044 | -8/Garrison | Triggered checkpoint 11216 | -8/Garrison | Expanded RIF knowledge: Zone Cloak 11217 | -8/Garrison | Lost 3 allies 11285 | -8/Garrison | Discovered exit to Factory (range 8) 11305 | -8/Garrison | Lost 3 parts (1p2w) 11316 | -8/Garrison | Triggered checkpoint 11386 | -8/Garrison | Garrison Relay disabled 11410 | -8/Garrison | Expanded RIF knowledge: Coupler Efficiency 11449 | -8/Garrison | Phase Generator disabled 11455 | -8/Garrison | Learned Factory security intel 11488 | -8/Garrison | Triggered checkpoint 11491 | -8/Garrison | Core integrity fell below 20% 11517 | -8/Garrison | Discovered exit to Factory (range 74) 11517 | -8/Garrison | Discovered exit to Factory (range 79) 11517 | -8/Garrison | Discovered exit to Factory (range 29) 11759 | -8/Garrison | Entered Factory 11759 | -7/Factory | Accompanied by 3 allies 11759 | -7/Factory | Evolved 2 slots: Power x1, Utility x1 12045 | -7/Factory | Build established: Scavenger-Skirmisher 12135 | -7/Factory | Garrison activated, responded to threat 12173 | -7/Factory | Lost 3 allies 12600 | -7/Factory | Identified exit to Garrison 12600 | -7/Factory | Entered Garrison 12612 | -7/Garrison | Triggered checkpoint 12718 | -7/Garrison | Triggered checkpoint 12738 | -7/Garrison | Triggered checkpoint 12751 | -7/Garrison | Triggered checkpoint 12791 | -7/Garrison | Core integrity fell below 50% 12813 | -7/Garrison | Core integrity fell below 20% 12823 | -7/Garrison | Destroyed by G-47 Trooper with Particle Gun Last Messages --------------- 12787_ Carbon-fiber Leg+ destroyed. 12788_ Acquired 82 matter. 12789_ Carbon-fiber Leg+ destroyed. 12792_ Critical hit (Burn: +37). 12793_ G-47 Trooper Aluminum Leg severed. 12795_ G-47 Trooper destroyed. 12800_ Critical hit (Burn: +37). 12805_ Acquired Unknown Power Core. 12805_ Identified Lgt. Nuclear Core. 12806_ System corrupted: Scythe rejected. 12806_ Acquired Scythe. 12810_ Lgt. Nuclear Core destroyed. 12816_ Acquired Imp. Heat Sink. 12817_ Dropped Hcp. Storage Unit. 12818_ Acquired Aluminum Leg+. 12819_ Aluminum Leg+ destroyed. 12820_ Acquired 57 matter. 12820_ G-47 Trooper destroyed. 12821_ Acquired 46 matter. 12821_ Scythe destroyed. Map ----- +----------------------------------------------------+ | ????????????????????????????????????????????# #?? | | ????????????????????????????????????????????# #?? | | ???????????????????????????????????????????? #?? | | ???????????????????????????????????????????? #?? | | ????????????????????????????????????????????# #?? | | ????????????????????????????????????????????# #?? | | ????????????????????????????????????????????# #?? | | ????????????????????????????????????????????# #?? | | ????????????????????????????????????????????# #?? | | ????????????????????????????????????????????# #?? | | ????????????????????????????????????????????# #?? | | ????????????????????????????????????????????# #?? | | ??????????????????????????????????########### ### | | ????????????????????????####??????# | | ???????????????????????? #??????# = | | ???????????????????????? #??????# [ | | ????????????????????????#^^#??????# ############ | | ????????????????????????#^^#??????# #??????????? | | ????????????????????????# #??????# #??????????? | | ????????????????????????# #??????# #??????????? | | ????????????????????????# #??????# #??????????? | | ????????????????????????#|/######## #??????????? | | ????????????????????????#!!##=%% ## #??????????? | | ???????????????????????##!!##[%= ## #??????????? | | ??????????????# #######p %!! = #??????????? | | ??????????????# @!! *#??????????? | | ??????????????# g*[ %#??????????? | | ??????????????########## ## ## [#??????????? | | ???????????????????????# ## ## #??????????? | | ???????????????????????" ?????????? | | ???????????????????????" #????????? | | ???????????????????????" #????????? | | ???????????????????????" #????????? | | ???????????????????????# ## ## ! ###????????? | | ???????????????????????# ## ##=%%#??????????? | | ?????????????????????? #??????????? | | ????????????????????? " +??????????? | | ????????????????????#### "%"#??????????? | | ???????????????????????# ## ## "##??????????? | | ???????????????????????# ## ## #???????????? | | ???????????????????????# ######## #???????????? | | ???????????????????????# #??????# #???????????? | | ???????????????????????# #??????# ????????????? | | ???????????????????????# ???????# ????????????? | | ???????????????????????# ???????# ????????????? | | ???????????????????????? ???????? ????????????? | | ???????????????????????? ???????? ????????????? | | ??????????????????????????????????? ????????????? | | ?????????????????????????????????????????????????? | | ?????????????????????????????????????????????????? | +----------------------------------------------------+ Best States ------------- Heat Dissipation 59 Energy Generation 27 Energy Capacity 480 Matter Stores 300 Matter Capacity 300 Sight Range 22 Terrain Scan Density 10 Resistance: KI 20 Resistance: TH 20 Resistance: EX 20 Resistance: EM 20 Resistance: I 20 Resistance: S 20 Resistance: P 20 Weapon Shielding 33 Evasion (%) 55 Targeting Accuracy 6 Offensive Hacking 10 Defensive Hacking 10 Item Schematics ----------------- Arm. Wheel | -9/Materials | Scanalyzed Robot Schematics ------------------ None Fabricated ------------ Nothing Repaired ---------- Particle Gun | 24% | -9/Materials Aluminum Leg | 37% | -9/Materials Gauss Rifle | 62% | -8/Materials Studied --------- Lgt. Ion Engine | -9/Materials | Hacked Aluminum Leg | -9/Materials | Hacked Assault Rifle | -9/Materials | Hacked Sml. Laser | -9/Materials | Hacked Ion Engine | -9/Materials | Hacked Arm. Wheel | -9/Materials | Hacked Spread Laser | -9/Materials | Hacked Plasma Cutter | -9/Materials | Hacked Carbon-fiber Leg | -8/Materials | Hacked Particle Gun | -8/Materials | Hacked Field Laser | -8/Materials | Hacked Alien Tech Used ----------------- None Achievements -------------- Hydra Challenges ------------ None Game ------ Seed CatalystMultireflexField Manual? 0 Play Time 01:03:59 Cumulative 281.6 hours Start 2026.06.23 @ 21:53:26 End 2026.06.24 @ 20:29:44 Sessions 3 Manual Loads 0 Difficulty Adventurer Special Mode None Game No. 331 Rogue 0 Adventurer 331 Explorer 0 Win Type - Total 0 Types 0/0/0/0/0/0/0/0/0/0 Lore% 74 Gallery% 57 Achievement% 39 Wizard Run 0 Options --------- Layout 2 ASCII 0 Keyboard 0 Movement Mouse Keybinds 0 Fullscreen 2 Font 48/Smallcaps Map View 50x44 Zoom Use 0% Tactical HUD 1 Map Filters NONE Filters NONE Steam 1 RUN: 9eada99a-3aa0-4a22-9b68-c7ab5c43c37f